SA
CHICAGO TULA @ GRIM REAPERS
08/31/2027
 
TOP OF THE 1ST
Chicago Tula batting - Pitching for Grim Reapers : RHP Pedro Adame
Pitching: RHP Pedro Adame
Batting: RHB Rubén Arce 0-0: SINGLE (Groundball, 6MD)
Batting: RHB Howard Ickes 0-0: Ball
1-0: Ball
2-0: Called Strike
2-1: Ball
3-1: Called Strike
3-2: Base on Balls
Rubén Arce to second
Batting: SHB Eustacio Tafalla 0-0: Called Strike
0-1: Ball
1-1: Called Strike
1-2: Strikes out swinging
Batting: SHB John Krog 0-0: Ground out 5-3 (Groundball, 56S)
Rubén Arce to third
Howard Ickes to second
Batting: RHB Zahid Kashani 0-0: SINGLE (Flyball, 9LM)
Rubén Arce scores
Howard Ickes to third
Runner from 3rd tries for Home, SAFE, no throw
Batting: RHB Alfonso Morín 0-0: Ball
Zahid Kashani steals 2nd base
1-0: Fly out, F9 (Flyball, 9S)
Top of the 1st over - 2 run(s), 2 hit(s), 0 error(s), 1 left on base; Chicago 2 - Grim 0
BOTTOM OF THE 1ST
Grim Reapers batting - Pitching for Chicago Tula : RHP Juan Valdéz
Pitching: RHP Juan Valdéz
Batting: SHB Javier Vázquez 0-0: Ball
1-0: Ball
2-0: Ball
3-0: Called Strike
3-1: Base on Balls
Batting: RHB Colt Cabana 0-0: Ball
1-0: Called Strike
Pickoff Throw to First - Error! E1
Javier Vázquez to second
1-1: Ball
2-1: Fly out, F6 (Line Drive, 6D)
Batting: LHB Dante Aristizabal 0-0: Ball
1-0: Swinging Strike
1-1: Foul Ball, location: 2F
1-2: Ball
2-2: Ball
3-2: Foul Ball, location: 2F
3-2: Foul Ball, location: 2F
3-2: Strikes out swinging
Batting: RHB Bernardo Rodríguez 0-0: Foul Ball, location: 2F
0-1: Called Strike
0-2: DOUBLE (Line Drive, 89D)
Javier Vázquez scores
Batting: SHB Cash Masters 0-0: Ball
1-0: DOUBLE (Line Drive, 89M)
Bernardo Rodríguez scores
Batting: RHB Jeb Sexton 0-0: Ball
1-0: Swinging Strike
1-1: Ball
2-1: Ball
3-1: Swinging Strike
3-2: Strikes out swinging
Bottom of the 1st over - 2 run(s), 2 hit(s), 1 error(s), 1 left on base; Chicago 2 - Grim 2
TOP OF THE 2ND
Chicago Tula batting - Pitching for Grim Reapers : RHP Pedro Adame
Batting: RHB Micheal Lovell 0-0: Ball
1-0: Ball
2-0: Called Strike
2-1: Foul Ball, location: 2F
2-2: Foul Ball, location: 2F
2-2: Strikes out swinging
Batting: RHB Carlos Rúbio 0-0: Ball
1-0: Fly out, F9 (Flyball, 9S)
Batting: RHB Rand McNally 0-0: Ball
1-0: Foul Ball, location: 2F
1-1: Foul Ball, location: 2F
1-2: Ball
2-2: Ground out 4-3 (Groundball, 4D)
Top of the 2nd over - 0 run(s), 0 hit(s), 0 error(s), 0 left on base; Chicago 2 - Grim 2
BOTTOM OF THE 2ND
Grim Reapers batting - Pitching for Chicago Tula : RHP Juan Valdéz
Batting: RHB Héctor Flores 0-0: Called Strike
0-1: Ball
1-1: Foul Ball, location: 2F
1-2: Foul Ball, location: 2F
1-2: SINGLE (Flyball, 9S)
Batting: RHB Luis Pagán 0-0: Swinging Strike
0-1: Foul Ball, location: 2F
0-2: Strikes out swinging
Batting: RHB Mason Congdon 0-0: Called Strike
0-1: Fly out, F8 (Flyball, 78D)
Batting: SHB Javier Vázquez 0-0: Ball
1-0: Called Strike
1-1: Foul Ball, location: 2F
1-2: Ball
2-2: Strikes out swinging
Bottom of the 2nd over - 0 run(s), 1 hit(s), 0 error(s), 1 left on base; Chicago 2 - Grim 2
TOP OF THE 3RD
Chicago Tula batting - Pitching for Grim Reapers : RHP Pedro Adame
Batting: RHB Rubén Arce 0-0: Called Strike
0-1: Ball
1-1: Foul Ball, location: 2F
1-2: Ball
2-2: Foul Ball, location: 2F
2-2: Foul Ball, location: 2F
2-2: Foul Ball, location: 2F
2-2: Ground out 5-3 (Groundball, 56S)
Batting: RHB Howard Ickes 0-0: Ball
1-0: Foul Ball, location: 2F
1-1: Fly out, F8 (Flyball, 8RM)
Batting: SHB Eustacio Tafalla 0-0: Ball
1-0: Called Strike
1-1: Called Strike
1-2: Ball
2-2: Ball
3-2: Strikes out swinging
Top of the 3rd over - 0 run(s), 0 hit(s), 0 error(s), 0 left on base; Chicago 2 - Grim 2
BOTTOM OF THE 3RD
Grim Reapers batting - Pitching for Chicago Tula : RHP Juan Valdéz
Batting: RHB Colt Cabana 0-0: Foul Ball, location: 2F
0-1: Ball
1-1: Fly out, F9 (Flyball, 9S)
Batting: LHB Dante Aristizabal 0-0: Ground out 4-3 (Groundball, 4)
Batting: RHB Bernardo Rodríguez 0-0: Ball
1-0: Called Strike
1-1: Ball
2-1: Reached on error, E7 (Flyball, 7)
Batting: SHB Cash Masters 0-0: Swinging Strike
0-1: Ball
1-1: Ball
2-1: Fly out, F7 (Line Drive, 7)
Bottom of the 3rd over - 0 run(s), 0 hit(s), 1 error(s), 1 left on base; Chicago 2 - Grim 2
TOP OF THE 4TH
Chicago Tula batting - Pitching for Grim Reapers : RHP Pedro Adame
Batting: SHB John Krog 0-0: Ball
1-0: Foul Ball, location: 2F
1-1: Ground out 4-3 (Groundball, 4)
Batting: RHB Zahid Kashani 0-0: Called Strike
0-1: Ball
1-1: Reached on error, E6 (Groundball, 6)
Batting: RHB Alfonso Morín 0-0: Ball
1-0: Foul Ball, location: 2F
1-1: SINGLE (Groundball, 3S) (infield hit)
Zahid Kashani to second
Batting: RHB Micheal Lovell 0-0: Ball
1-0: Ball
2-0: Ball
3-0: Called Strike
3-1: Called Strike
3-2: Foul Ball, location: 2F
3-2: Grounds into double play, 5-4-3 (Groundball, 56)
Top of the 4th over - 0 run(s), 1 hit(s), 1 error(s), 1 left on base; Chicago 2 - Grim 2
BOTTOM OF THE 4TH
Grim Reapers batting - Pitching for Chicago Tula : RHP Juan Valdéz
Batting: RHB Jeb Sexton 0-0: Foul Ball, location: 2F
0-1: Ball
1-1: Ground out 5-3 (Groundball, 5)
Batting: RHB Héctor Flores 0-0: Ball
1-0: Fly out, F9 (Flyball, 9)
Batting: RHB Luis Pagán 0-0: Called Strike
0-1: Ball
1-1: Ball
2-1: Foul Ball, location: 2F
2-2: Foul Ball, location: 2F
2-2: Ground out 4-3 (Groundball, 4)
Bottom of the 4th over - 0 run(s), 0 hit(s), 0 error(s), 0 left on base; Chicago 2 - Grim 2
TOP OF THE 5TH
Chicago Tula batting - Pitching for Grim Reapers : RHP Pedro Adame
Batting: RHB Carlos Rúbio 0-0: Called Strike
0-1: Foul Ball, location: 2F
0-2: Strikes out swinging
Batting: RHB Rand McNally 0-0: SINGLE (Line Drive, 78M)
Batting: RHB Rubén Arce 0-0: Ball
1-0: Swinging Strike
1-1: Ball
2-1: Swinging Strike
2-2: Ball
3-2: Base on Balls
Rand McNally to second
Batting: RHB Howard Ickes 0-0: Ball
1-0: Ball
2-0: Foul Ball, location: 2F
2-1: Foul Ball, location: 2F
2-2: Strikes out swinging
Batting: SHB Eustacio Tafalla 0-0: DOUBLE (Line Drive, 78S)
Rand McNally scores
Rubén Arce to third
Runner from 3rd tries for Home, SAFE, no throw
Batting: SHB John Krog 0-0: Fly out, F7 (Flyball, 7LMF)
Top of the 5th over - 2 run(s), 2 hit(s), 0 error(s), 1 left on base; Chicago 4 - Grim 2
BOTTOM OF THE 5TH
Grim Reapers batting - Pitching for Chicago Tula : RHP Juan Valdéz
Batting: RHB Mason Congdon 0-0: Ball
1-0: Fly out, F5 (Line Drive, 5L)
Now at 3B: Edgar Baeza
Batting: SHB Javier Vázquez 0-0: Foul Ball, location: 2F
0-1: Foul Ball, location: 2F
0-2: Ball
1-2: Ball
2-2: DOUBLE (Line Drive, 89S)
Batting: RHB Colt Cabana 0-0: Ball
1-0: Ball
2-0: Ball
3-0: Swinging Strike
3-1: Foul Ball, location: 2F
3-2: Strikes out swinging
Batting: LHB Dante Aristizabal 0-0: Ball
1-0: Ball
2-0: Ball
3-0: Base on Balls
Batting: RHB Bernardo Rodríguez 0-0: Ball
1-0: Ball
2-0: Ball
3-0: Called Strike
3-1: Called Strike
3-2: Foul Ball, location: 2F
3-2: SINGLE (Groundball, 56D)
Javier Vázquez to third
Dante Aristizabal to second
Javier Vázquez scores
Dante Aristizabal to third
Batting: SHB Cash Masters 0-0: Ball
1-0: Ground out U3 (Groundball, 3)
Bottom of the 5th over - 1 run(s), 2 hit(s), 0 error(s), 2 left on base; Chicago 4 - Grim 3
TOP OF THE 6TH
Chicago Tula batting - Pitching for Grim Reapers : RHP Pedro Adame
Batting: RHB Zahid Kashani 0-0: Ball
1-0: Foul Ball, location: 2F
1-1: Fly out, F7 (Line Drive, 7)
Batting: RHB Alfonso Morín 0-0: Ball
1-0: Foul Ball, location: 2F
1-1: Swinging Strike
1-2: Strikes out swinging
Batting: RHB Edgar Baeza 0-0: Foul Ball, location: 2F
0-1: Ball
1-1: Foul Ball, location: 2F
1-2: Foul Ball, location: 2F
1-2: Ground out 6-3 (Groundball, 6)
Top of the 6th over - 0 run(s), 0 hit(s), 0 error(s), 0 left on base; Chicago 4 - Grim 3
BOTTOM OF THE 6TH
Grim Reapers batting - Pitching for Chicago Tula : RHP Juan Valdéz
Batting: RHB Jeb Sexton 0-0: Ball
1-0: Swinging Strike
1-1: Ball
2-1: SINGLE (Groundball, 34D)
Batting: RHB Héctor Flores 0-0: Ball
1-0: Reached on error, E2 (Groundball, 23)
Jeb Sexton to third
Batting: RHB Luis Pagán 0-0: Ball
1-0: Foul Ball, location: 2F
1-1: Ball
2-1: Swinging Strike
2-2: Ball
3-2: Foul Ball, location: 2F
3-2: Strikes out swinging
Pitching: LHP Marcos Beringel
Batting: RHB Mason Congdon 0-0: Ball
1-0: Foul Ball, location: 2F
1-1: Ground out 5-3 (Groundball, 5)
Batting: SHB Javier Vázquez 0-0: Foul Ball, location: 2F
0-1: Ground out 4-3 (Groundball, 4S)
Bottom of the 6th over - 0 run(s), 1 hit(s), 1 error(s), 2 left on base; Chicago 4 - Grim 3
TOP OF THE 7TH
Chicago Tula batting - Pitching for Grim Reapers : RHP Pedro Adame
Batting: RHB Carlos Rúbio 0-0: Ball
1-0: Ground out 6-3 (Groundball, 6)
Batting: RHB Rand McNally 0-0: Called Strike
0-1: Ball
1-1: Foul Ball, location: 2F
1-2: Foul Ball, location: 2F
1-2: Ball
2-2: Foul Ball, location: 2F
2-2: Ball
3-2: Ground out 6-3 (Groundball, 6)
Batting: RHB Rubén Arce 0-0: Ball
1-0: Ground out 6-3 (Groundball, 4M)
Top of the 7th over - 0 run(s), 0 hit(s), 0 error(s), 0 left on base; Chicago 4 - Grim 3
BOTTOM OF THE 7TH
Grim Reapers batting - Pitching for Chicago Tula : LHP Marcos Beringel
Batting: RHB Colt Cabana 0-0: Swinging Strike
0-1: Called Strike
0-2: Foul Ball, location: 2F
0-2: Ball
1-2: Foul Ball, location: 2F
1-2: Foul Ball, location: 2F
1-2: Foul Ball, location: 2F
1-2: Strikes out looking
Batting: LHB Dante Aristizabal 0-0: Ball
1-0: Called Strike
1-1: Ground out U3 (Groundball, 34)
Batting: RHB Bernardo Rodríguez 0-0: Foul Ball, location: 2F
0-1: Fly out, F5 (Line Drive, 5)
Bottom of the 7th over - 0 run(s), 0 hit(s), 0 error(s), 0 left on base; Chicago 4 - Grim 3
TOP OF THE 8TH
Chicago Tula batting - Pitching for Grim Reapers : RHP Pedro Adame
Batting: RHB Howard Ickes 0-0: Ball
1-0: Foul Ball, location: 2F
1-1: Ball
2-1: Ball
3-1: Base on Balls
Batting: SHB Eustacio Tafalla 0-0: Called Strike
0-1: Fly out, F7 (Flyball, 7LS)
Batting: SHB John Krog Pickoff Throw to First - Out!
0-0: Foul Ball, location: 2F
0-1: Ball
1-1: Swinging Strike
1-2: Strikes out swinging
Top of the 8th over - 0 run(s), 0 hit(s), 0 error(s), 0 left on base; Chicago 4 - Grim 3
BOTTOM OF THE 8TH
Grim Reapers batting - Pitching for Chicago Tula : LHP Marcos Beringel
Now at SS: César García
Now in CF: Dani Durán
Batting: SHB Cash Masters 0-0: Ball
1-0: Called Strike
1-1: Ball
2-1: Foul Ball, location: 2F
2-2: Ball
3-2: Fly out, F4 (Line Drive, 4D)
Pitching: RHP Howard Vidaurri
Batting: RHB Jeb Sexton 0-0: Called Strike
0-1: Foul Ball, location: 2F
0-2: Strikes out swinging
Batting: RHB Héctor Flores 0-0: Called Strike
0-1: Ball
1-1: Called Strike
1-2: Strikes out swinging
Bottom of the 8th over - 0 run(s), 0 hit(s), 0 error(s), 0 left on base; Chicago 4 - Grim 3
TOP OF THE 9TH
Chicago Tula batting - Pitching for Grim Reapers : RHP Pedro Adame
Batting: RHB Zahid Kashani 0-0: Called Strike
0-1: Ball
1-1: Foul Ball, location: 2F
1-2: Strikes out swinging
Batting: RHB Alfonso Morín 0-0: Called Strike
0-1: Ground out 5-3 (Groundball, 56S)
Batting: RHB Edgar Baeza 0-0: Ball
1-0: Ground out 6-3 (Groundball, 6)
Top of the 9th over - 0 run(s), 0 hit(s), 0 error(s), 0 left on base; Chicago 4 - Grim 3
BOTTOM OF THE 9TH
Grim Reapers batting - Pitching for Chicago Tula : RHP Howard Vidaurri
Pitching: RHP Joseph Chartier
Now in RF: Marcus Larson
Pinch Hitting: LHB Jim Unknown 0-0: Called Strike
0-1: Swinging Strike
0-2: Strikes out swinging
Pinch Hitting: RHB Carlos Evangelho 0-0: Fly out, F9 (Line Drive, 9)
Batting: SHB Javier Vázquez 0-0: SINGLE (Groundball, 34S) (infield hit)
Batting: RHB Colt Cabana 0-0: Foul Ball, location: 2F
0-1: Ball
1-1: Foul Ball, location: 2F
1-2: Ball
2-2: Strikes out swinging
Bottom of the 9th over - 0 run(s), 1 hit(s), 0 error(s), 1 left on base; Chicago 4 - Grim 3
Saturday, May 26th, 2018 - OOTP Baseball 17.12 Build 75